 Dungeon Crawl Stone Soup version 0.30-a0-465-g8901f6c8b5 (webtiles) character file.

Game seed: 12811316146980248377

78 tilp the Shield-Bearer (level 4, -2/39 (40) HPs)
             Began as a Meteoran Fighter on Dec 18, 2022.
             Slain by a wight
             ... wielding a +0 trident
              (6 damage)
             ... on level 3 of the Dungeon.
             The game lasted 00:02:00 (292 turns).

tilp the Shield-Bearer (Meteoran Fighter)            Turns: 292, Time: 00:02:01

HP:   -2/39 (40)    AC:  7    Str: 17    XL:     4   Next: 93%
MP:   5/5           EV: 10    Int:  9    God:
Gold: 71            SH:  5    Dex: 16    Spells: 3/3 levels left

rFire   . . .      SeeInvis .    a - +0 long sword
rCold   . . .      Faith    .    c - +0 buckler
rNeg    . . .      Spirit   .    b - +0 scale mail
rPois   .          Reflect  .    (no helmet)
rElec   .          Harm     .    (no cloak)
rCorr   .          Rampage  .    (no gloves)
Will    .....                    (no boots)
Stlth   ..........               (no amulet)
HPRegen 0.26/turn                (no ring)
MPRegen 0.09/turn                (no ring)

@: mighty, glowing, lightly drained
A: sense surroundings 1, otherworldly, glowing, explore regen
a: no special abilities


You were on level 3 of the Dungeon.
You visited 1 branch of the dungeon, and saw 4 of its levels.

You collected 71 gold pieces.

Inventory:

Hand Weapons
 a - a +0 long sword (weapon)
Armour
 b - a +0 scale mail (worn)
 c - a +0 buckler (worn)
Scrolls
 e - a scroll of fog {unknown}
 f - a scroll of fear {unknown}
 g - 3 scrolls of teleportation {unknown}
 i - a scroll of identify {unknown}
Potions
 h - a potion of curing {unknown}
 j - a potion of resistance {unknown}


   Skills:
 + Level 3.6 Fighting
 + Level 3.0 Long Blades
 - Level 4.0 Armour
 * Level 2.5 Dodging
 + Level 1.0 Stealth
 - Level 4.0 Shields


You had 3 spell levels left.
You didn't know any spells.
Your spell library was empty.

Dungeon Overview and Level Annotations

Branches:
Dungeon (4/15) Zot: 2090
 Temple: D:4-7

Altars:

Shops:
D:3 (


Innate Abilities, Weirdness & Mutations

You passively map a small area around you.
You are easily found by Zot.
You glow in the dark.
You regain HP and MP as you explore.


Message History

Your life force feels restored.
Training target 4.0 for Shields reached!
Training target 4.0 for Armour reached!
Your Long Blades skill increases to level 3!
Your Armour skill increases to level 4!
Your Dodging skill increases to level 2!
Your Stealth skill increases to level 1!
Your Shields skill increases to level 4!
You have reached level 4!
You climb downwards.
You hear the hiss of flowing sand.
There is an entrance to an ossuary on this level.
Hurry and find it before the portal is buried!
The wight barely misses you.
There is a stone staircase leading up, spattered with blood here.
The wight hits you with a +0 trident! The wight misses you.
There is a stone staircase leading up, spattered with blood here.
The wight hits you with a +0 trident.
* * * LOW HITPOINT WARNING * * *
You feel drained.
* * * LOW HITPOINT WARNING * * *
The wight closely misses you.
You climb upwards.
There is a stone staircase leading down here.
You hit the wight.
The wight is lightly damaged.
The wight hits you with a +0 trident.
* * * LOW HITPOINT WARNING * * *
You hit the wight but do no damage.
The wight is lightly damaged.
The wight hits you with a +0 trident.
* * * LOW HITPOINT WARNING * * *
You hit the wight.
The wight is moderately damaged.
The wight hits you with a +0 trident!
* * * LOW HITPOINT WARNING * * *
Unknown command.
You slash the wight!
The wight is severely damaged.
You block the wight's attack. The wight hits you with a +0 trident.
You die...

*** #### , ..# *
######.# ...##.# ,
,###.##)# #########,
,* #....#.#
#.......# * #.#....#
#.......# ,*
#.#[<#.###.......#
*,#.@.....##.......#
##.z##..##......# *
#...#..##......# .
###.#..##∩.....##.
#...............
#.#......)....#.
#.#.##........#
,#.............# *
###.###.....#.#.


You could see a wight.

Vanquished Creatures
  A wight (D:3)
  A gnoll (D:1)
  An ufetubus (D:3)
  2 dart slugs (D:1)
  2 bats (D:1)
  A frilled lizard (D:1)
  A goblin (D:1)
  3 kobolds
  2 rats
14 creatures vanquished.

Notes
Turn   | Place    | Note
-------+----------+-------------------------------------------
     0 | D:1      | tilp the Meteoran Fighter began the quest for the Orb.
     0 | D:1      | Reached XP level 1. HP: 19/19 MP: 2/2
    19 | D:1      | Found a faded altar of an unknown god.
    36 | D:1      | Reached skill level 1 in Dodging
    36 | D:1      | Reached XP level 2. HP: 10/26 MP: 3/3
   139 | D:2      | Reached XP level 3. HP: 31/31 MP: 4/4
   216 | D:4      | Noticed a wight
   216 | D:4      | Noticed a wight
   216 | D:4      | Noticed a wight
   249 | D:3      | Found Vobiafe's Weapon Shop.
   282 | D:3      | Killed a wight
   283 | D:3      | Reached skill level 1 in Stealth
   283 | D:3      | Reached XP level 4. HP: 26/40 MP: 5/5
   292 | D:3      | Slain by a wight

Illustrated notes

Levels and vault maps discovered:
D:1:      ncdulo_halloftheorcs, layout_basic,
          ebering_ecumenical_altar_sacrificial, hex_medium,
          chequers_serial_rivers_micro_a
D:2:      layout_basic
D:3:      layout_basic, mainiacjoe_overflow_alcove_4, serial_shops, shop,
          uniq_robin
D:4:      layout_cave_pods, enter_ossuary_4

Skill      XL: |  1  2  3 |
---------------+----------+-----
Dodging        | 1 2 |  2.5
Long Blades    | 3 |  3.0
Armour         | 4 |  4.0
Stealth        | 1 |  1.0
Shields        | 4 |  4.0
Fighting       | |  3.6

Action                   |  1- 3 |  4- 6 || total
-------------------------+-------+-------++-------
Melee: Long sword        |    45 |     4 ||    49
  Use: Potion            |     1 |       ||     1
Armor: Scale mail        |    34 |       ||    34
Dodge: Dodged            |    15 |     3 ||    18
Block: Buckler           |    19 |     1 ||    20

Table legend: (Time is in decaauts)
 A = Elapsed time spent in this place.
 B = Non-inter-level travel time spent in this place.
 C = Inter-level travel time spent in this place.
 D = Time resting spent in this place.
 E = Time spent auto-exploring this place.
 F = Levels seen in this place.
 G = Mean time per level.
                   A        B        C        D        E       F      G
               +--------+--------+--------+--------+--------+-----+--------+
         Total |    308 |    308 |      0 |      2 |      0 |   4 |   77.0 |
       Dungeon |    308 |    308 |      0 |      2 |      0 |   4 |   77.0 |
               +--------+--------+--------+--------+--------+-----+--------+

Top non-repeatable levels by time:
     D:1: 160 daAuts
     D:3: 77 daAuts
     D:2: 61 daAuts
     D:4: 8 daAuts
